[Event "17th Memorial Lezcano Montalvo 2025"]
[Site "Gran Canaria"]
[Date "2025.04.12"]
[Round "1.20"]
[White "Martinez Correa, Rafael"]
[Black "Barlov, Dragan"]
[Result "0-1"]
[Annotator "RC"]
[ECO "B43"]
[WhiteElo "1719"]
[BlackElo "2351"]
[PlyCount "174"]
[EventDate "2025.04.13"]
[EventType "swiss"]
[EventCountry "ESP"]
[SourceTitle "playchess.com"]
[Source "ChessBase"]
[SourceQuality "1"]
[TimeControl "5400+30"]

1. e4 c5 2. Nf3 e6 3. d4 cxd4 4. Nxd4 a6 5. Nc3 Qc7 6. g3 Bb4 7. Nde2 Nf6 8. Bg2 Be7 9. O-O O-O 10. h3 Nc6 11. Be3 b5 12. f4 Rd8 13. Nd4 Bb7 14. e5 Ne8 15. Nxc6 Bxc6 16. Bxc6 Qxc6 17. Qf3 Qxf3 18. Rxf3 Rdc8 19. Rf2 d5 20. Rc1 Rc4 21. Ne2 Rac8 22. Nd4 Bc5 23. Rd2 b4 24. Kf2 Nc7 25. h4 Bxd4 26. Rxd4 Nb5 27. Rxc4 Rxc4 28. Bd2 a5 29. c3 bxc3 30. Bxc3 h5 31. Bd2 Rd4 32. Bxa5 Ra4 33. b4 Rxa2+ 34. Ke3 Ra3+ 35. Kf2 Rb3 36. Re1 Nd4 37. Rd1 Nc6 38. Rc1 Nxb4 39. Bxb4 Rxb4 40. Rc7 Rb8 41. Rd7 Rf8 42. Kf3 Rc8 43. f5 exf5 44. Rxd5 g6 45. Rd7 Rc4 46. Rd6 Re4 47. Rd8+ Kh7 48. Re8 Kg7 49. Kf2 f4 50. Kf3 fxg3 51. Kxg3 Rg4+ 52. Kh3 Ra4 53. Kg3 Re4 54. Kh3 Rg4 55. Rc8 g5 56. hxg5 Rxg5 57. Re8 Rg4 58. Re7 Kf8 59. Ra7 Re4 60. Ra5 Ke7 61. e6 Rxe6 62. Rxh5 Rg6 63. Ra5 Rg1 64. Rb5 f6 65. Ra5 Ke6 66. Rb5 f5 67. Kh2 Rg4 68. Kh3 Kf6 69. Ra5 Rg1 70. Kh2 Rg4 71. Kh3 Kg5 72. Rb5 Rc4 73. Kg3 Rc3+ 74. Kf2 Kg4 75. Rb4+ f4 76. Rb8 Rc2+ 77. Kf1 Kg3 78. Rg8+ Kf3 79. Ke1 Rc1+ 80. Kd2 Rh1 81. Rf8 Rf1 82. Rf7 Kg2 83. Ke2 f3+ 84. Ke3 Re1+ 85. Kd2 f2 86. Rg7+ Kh3 87. Rh7+ Kg4 0-1

[Event "17th Memorial Lezcano Montalvo 2025"]
[Site "Gran Canaria"]
[Date "2025.04.12"]
[Round "1.21"]
[White "Matnadze Bujiashvili, Ann"]
[Black "Peraza Concepcion, Airam"]
[Result "1-0"]
[Annotator "RC"]
[ECO "E16"]
[WhiteElo "2329"]
[BlackElo "1712"]
[PlyCount "67"]
[EventDate "2025.04.13"]
[EventType "swiss"]
[EventCountry "ESP"]
[SourceTitle "playchess.com"]
[Source "ChessBase"]
[SourceQuality "1"]
[TimeControl "5400+30"]

1. d4 Nf6 2. c4 b6 3. Nf3 Bb7 4. g3 e6 5. Bg2 Bb4+ 6. Nbd2 Bxd2+ 7. Bxd2 O-O 8. O-O d6 9. b4 Nbd7 10. a4 Re8 11. a5 a6 12. Qc2 Qe7 13. Nh4 Bxg2 14. Kxg2 d5 15. Rfc1 Rec8 16. Nf3 Ne4 17. Be1 Nd6 18. axb6 cxb6 19. c5 Nc4 20. Nd2 Nxd2 21. Qxd2 b5 22. Ra3 Rc6 23. Rca1 Nf8 24. Ra5 Qb7 25. h4 h6 26. f3 Ng6 27. g4 Ne7 28. h5 Kf8 29. Bg3 Nc8 30. g5 hxg5 31. Qxg5 f6 32. Qg4 Kf7 33. Qg6+ Kf8 34. h6 1-0

[Event "17th Memorial Lezcano Montalvo 2025"]
[Site "Gran Canaria"]
[Date "2025.04.12"]
[Round "1.22"]
[White "Fernandez Hernandez, Javier"]
[Black "Sanz Wawer, Daniel"]
[Result "0-1"]
[Annotator "RC"]
[ECO "D37"]
[WhiteElo "1689"]
[BlackElo "2316"]
[PlyCount "58"]
[EventDate "2025.04.13"]
[EventType "swiss"]
[EventCountry "ESP"]
[SourceTitle "playchess.com"]
[Source "ChessBase"]
[SourceQuality "1"]
[TimeControl "5400+30"]

1. d4 Nf6 2. c4 e6 3. Nf3 d5 4. Nc3 Be7 5. Bf4 O-O 6. e3 c5 7. Bd3 cxd4 8. Nxd4 Nbd7 9. Nf3 dxc4 10. Bxc4 a6 11. O-O b5 12. Bd3 Bb7 13. a3 Nh5 14. Bxh7+ Kxh7 15. Ng5+ Bxg5 16. Qxh5+ Bh6 17. Rad1 Nf6 18. Qh3 Qc8 19. Qh4 Rg8 20. Bg5 Qc5 21. f4 Nd5 22. Ne4 Qxe3+ 23. Nf2 f6 24. Rd3 fxg5 25. fxg5 Qxg5 26. Qe4+ Qg6 27. Rh3 Qxe4 28. Nxe4 Rgf8 29. Ng5+ Kg8 0-1

[Event "17th Memorial Lezcano Montalvo 2025"]
[Site "Gran Canaria"]
[Date "2025.04.12"]
[Round "1.23"]
[White "Torres Rebolledo, Alvaro"]
[Black "Santos Falcon, Jose"]
[Result "1-0"]
[Annotator "RC"]
[ECO "C10"]
[WhiteElo "2311"]
[BlackElo "1689"]
[PlyCount "51"]
[EventDate "2025.04.13"]
[EventType "swiss"]
[EventCountry "ESP"]
[SourceTitle "playchess.com"]
[Source "ChessBase"]
[SourceQuality "1"]
[TimeControl "5400+30"]

1. e4 e6 2. d4 d5 3. Nd2 dxe4 4. Nxe4 Nc6 5. Nf3 Nf6 6. Nxf6+ gxf6 7. g3 e5 8. Be3 Bg4 9. Be2 Bg7 10. c3 h5 11. Nh4 Qd5 12. O-O O-O-O 13. Bxg4+ hxg4 14. Qxg4+ Kb8 15. Qxg7 Qe6 16. d5 Qxd5 17. Qxf6 Rdg8 18. Ng2 Qd7 19. h4 Rh5 20. Rad1 Qg4 21. Qxf7 Nd8 22. Qd7 Ne6 23. Rd2 Rhh8 24. Rfd1 Qg6 25. a4 Nf4 26. Qd8+ 1-0

[Event "17th Memorial Lezcano Montalvo 2025"]
[Site "Gran Canaria"]
[Date "2025.04.12"]
[Round "1.24"]
[White "Fernandez De La Hoz A., Carlos"]
[Black "Dubkov, Andrej"]
[Result "0-1"]
[Annotator "RC"]
[ECO "B01"]
[WhiteElo "1687"]
[BlackElo "2307"]
[PlyCount "52"]
[EventDate "2025.04.13"]
[EventType "swiss"]
[EventCountry "ESP"]
[SourceTitle "playchess.com"]
[Source "ChessBase"]
[SourceQuality "1"]
[TimeControl "5400+30"]

1. e4 d5 2. exd5 Qxd5 3. c4 Qe4+ 4. Be2 Qxg2 5. Bf3 Qg6 6. d4 Nc6 7. Nc3 Bd7 8. Be3 e5 9. d5 Nb4 10. Kf1 Qd3+ 11. Qxd3 Nxd3 12. b3 a5 13. Rd1 Nc5 14. Nge2 O-O-O 15. Rg1 g6 16. Ng3 f5 17. Bg5 Be7 18. Bc1 Nf6 19. Kg2 Bd6 20. Kh1 e4 21. Bg2 Rde8 22. Rge1 Ng4 23. Kg1 Nd3 24. Re2 Ndxf2 25. Rxf2 Bc5 26. Nh1 Nxf2 0-1

[Event "17th Memorial Lezcano Montalvo 2025"]
[Site "Gran Canaria"]
[Date "2025.04.12"]
[Round "1.25"]
[White "Meneses Gonzalez, Kevin Moises"]
[Black "Castellanos Gomez, Pascual"]
[Result "1-0"]
[Annotator "RC"]
[ECO "E62"]
[WhiteElo "2307"]
[BlackElo "1672"]
[PlyCount "67"]
[EventDate "2025.04.13"]
[EventType "swiss"]
[EventCountry "ESP"]
[SourceTitle "playchess.com"]
[Source "ChessBase"]
[SourceQuality "1"]
[TimeControl "5400+30"]

1. Nf3 d6 2. d4 Nf6 3. c4 g6 4. g3 Bg7 5. Bg2 c6 6. Nc3 Na6 7. O-O O-O 8. e4 Nc7 9. Re1 Re8 10. h3 Rb8 11. a4 Nd7 12. Bg5 f6 13. Be3 c5 14. Qc2 Na6 15. Rad1 Qa5 16. Qd2 Nb4 17. Nd5 e6 18. Nxb4 Qxb4 19. Qc2 Nb6 20. b3 Nd7 21. h4 e5 22. dxe5 dxe5 23. Rd6 Qa5 24. Red1 Qc7 25. h5 Bf8 26. R6d2 g5 27. Bh3 Nb6 28. Bxc8 Rbxc8 29. a5 Na8 30. Rd7 Qxa5 31. Nh2 Rcd8 32. Ng4 Rxd7 33. Nxf6+ Kh8 34. Rxd7 1-0

[Event "17th Memorial Lezcano Montalvo 2025"]
[Site "Gran Canaria"]
[Date "2025.04.12"]
[Round "1.26"]
[White "Valido Ramos, Adrian"]
[Black "Fiorito, Fabian"]
[Result "0-1"]
[Annotator "RC"]
[ECO "B06"]
[WhiteElo "1667"]
[BlackElo "2268"]
[PlyCount "116"]
[EventDate "2025.04.13"]
[EventType "swiss"]
[EventCountry "ESP"]
[SourceTitle "playchess.com"]
[Source "ChessBase"]
[SourceQuality "1"]
[TimeControl "5400+30"]

1. e4 g6 2. d4 Bg7 3. Nf3 d6 4. Nc3 a6 5. Be2 b5 6. a3 Bb7 7. Be3 Nd7 8. d5 c5 9. dxc6 Bxc6 10. Bd4 Ngf6 11. Bd3 O-O 12. O-O Qc7 13. h3 Qb7 14. Re1 e5 15. Be3 d5 16. exd5 Nxd5 17. Be4 Nxc3 18. Bxc6 Qxc6 19. bxc3 Rfd8 20. Bd2 f6 21. Re3 Nb6 22. Qe2 Qc4 23. Be1 Qxe2 24. Rxe2 Rac8 25. Rb1 Bf8 26. Rb3 Nc4 27. Nd2 Nxa3 28. Ne4 Kg7 29. g4 Nc4 30. f3 Rc6 31. Bf2 Rd1+ 32. Kg2 f5 33. Ng3 Kf6 34. h4 Rd2 35. g5+ Kf7 36. Be1 Rxe2+ 37. Nxe2 f4 38. Bf2 Rd6 39. Nc1 Rd2 40. Nd3 Rxc2 41. Nb4 Ne3+ 42. Kg1 Rc1+ 43. Kh2 Nd1 44. Be1 Bxb4 45. cxb4 Ne3 46. Bf2 Rc2 47. Kg1 Nc4 48. Rd3 Rd2 49. Rc3 Ke6 50. Kf1 Rb2 51. Bc5 Nd2+ 52. Ke1 e4 53. fxe4 Nxe4 54. Ra3 Kf5 55. Rxa6 f3 56. Rf6+ Nxf6 57. gxf6 Re2+ 58. Kf1 Kxf6 0-1

[Event "17th Memorial Lezcano Montalvo 2025"]
[Site "Gran Canaria"]
[Date "2025.04.12"]
[Round "1.27"]
[White "Castellanos Gomez, Alejandro"]
[Black "Alessandro, Sergio"]
[Result "1-0"]
[Annotator "RC"]
[ECO "D00"]
[WhiteElo "2267"]
[BlackElo "1666"]
[PlyCount "67"]
[EventDate "2025.04.13"]
[EventType "swiss"]
[EventCountry "ESP"]
[SourceTitle "playchess.com"]
[Source "ChessBase"]
[SourceQuality "1"]
[TimeControl "5400+30"]

1. d4 d5 2. Bf4 c6 3. e3 f5 4. Nf3 Nf6 5. Bd3 e6 6. O-O Bd6 7. Ne5 O-O 8. c4 Bxe5 9. Bxe5 Nbd7 10. Bd6 Re8 11. cxd5 cxd5 12. Nc3 a6 13. Rc1 Ne4 14. Bf4 g5 15. Bc7 Qxc7 16. Nxe4 Qd8 17. Nd6 Rf8 18. Qb3 Qb6 19. Qxb6 Nxb6 20. Rc7 Rb8 21. Rfc1 g4 22. f3 h5 23. b3 Rd8 24. Nf7 Rd7 25. Ne5 Rg7 26. a4 gxf3 27. Rxg7+ Kxg7 28. Rc7+ Kg8 29. gxf3 Na8 30. Re7 b5 31. Re8+ Kg7 32. Nc6 Kf7 33. Rd8 Bb7 34. Ne5+ 1-0

[Event "17th Memorial Lezcano Montalvo 2025"]
[Site "Gran Canaria"]
[Date "2025.04.12"]
[Round "1.28"]
[White "Cabrera Martel, Isaac"]
[Black "Hernando Rodrigo, Jose Maria"]
[Result "0-1"]
[Annotator "RC"]
[ECO "B06"]
[WhiteElo "1655"]
[BlackElo "2256"]
[PlyCount "45"]
[EventDate "2025.04.13"]
[EventType "swiss"]
[EventCountry "ESP"]
[SourceTitle "playchess.com"]
[Source "ChessBase"]
[SourceQuality "1"]
[TimeControl "5400+30"]

1. d4 g6 2. Nc3 Bg7 3. Bf4 d6 4. e4 Nc6 5. Nf3 Bg4 6. Be3 Bxf3 7. gxf3 e5 8. dxe5 dxe5 9. Nd5 Qd6 10. Qd2 Nd4 11. Bg2 c6 12. Nc3 Qb4 13. O-O-O Rd8 14. Ne2 Nb3+ 15. axb3 Rxd2 16. Rxd2 Nf6 17. Rhd1 O-O 18. Kb1 Qe7 19. Bh3 Nh5 20. Bg4 Nf4 21. Rd7 Qh4 22. Nc3 h5 23. Bc1 0-1

[Event "17th Memorial Lezcano Montalvo 2025"]
[Site "Gran Canaria"]
[Date "2025.04.12"]
[Round "1.29"]
[White "Moreno Diepa, Diego"]
[Black "Morell Rojas, Samuel"]
[Result "1-0"]
[Annotator "RC"]
[ECO "B12"]
[WhiteElo "2243"]
[BlackElo "1652"]
[PlyCount "77"]
[EventDate "2025.04.13"]
[EventType "swiss"]
[EventCountry "ESP"]
[SourceTitle "playchess.com"]
[Source "ChessBase"]
[SourceQuality "1"]
[TimeControl "5400+30"]

1. e4 c6 2. d4 d5 3. e5 c5 4. dxc5 e6 5. Nf3 Bxc5 6. Bd3 Nd7 7. O-O Qc7 8. Qe2 Ne7 9. Bf4 Nc6 10. Bg3 Nd4 11. Nxd4 Bxd4 12. Nc3 Bxe5 13. Nxd5 Qd6 14. Ne3 Bxg3 15. hxg3 O-O 16. Rad1 Qc7 17. c3 Nf6 18. Ng4 Qe7 19. Ne5 Nd7 20. Nxd7 Bxd7 21. Bxh7+ Kxh7 22. Qd3+ g6 23. Qxd7 Qg5 24. Qd2 Qa5 25. a3 Rh8 26. Qf4 Kg7 27. Rd7 Raf8 28. Qd4+ Kg8 29. Re1 Qh5 30. f3 Qb5 31. c4 Qa5 32. Re2 Qh5 33. Rxe6 Qa5 34. Re1 Kh7 35. Rd1 Qh5 36. Kf2 Qh6 37. Rd5 Rhg8 38. Qf6 g5 39. R1d4 1-0

[Event "17th Memorial Lezcano Montalvo 2025"]
[Site "Gran Canaria"]
[Date "2025.04.12"]
[Round "1.30"]
[White "Hernandez De Armas, Leonardo"]
[Black "Rodriguez Avila, Alvaro"]
[Result "0-1"]
[Annotator "RC"]
[ECO "B34"]
[WhiteElo "1645"]
[BlackElo "2212"]
[PlyCount "28"]
[EventDate "2025.04.13"]
[EventType "swiss"]
[EventCountry "ESP"]
[SourceTitle "playchess.com"]
[Source "ChessBase"]
[SourceQuality "1"]
[TimeControl "5400+30"]

1. e4 c5 2. Nf3 g6 3. d4 cxd4 4. Nxd4 Bg7 5. Nc3 Nc6 6. Be3 Nf6 7. f3 O-O 8. Qd2 d5 9. exd5 Nxd5 10. Nxc6 bxc6 11. Bd4 Bxd4 12. Qxd4 e5 13. Qd2 Be6 14. Bc4 Qh4+ 0-1

[Event "17th Memorial Lezcano Montalvo 2025"]
[Site "Gran Canaria"]
[Date "2025.04.12"]
[Round "1.31"]
[White "Tytynnik, Artem"]
[Black "Roca Marrero, Fernando"]
[Result "1-0"]
[Annotator "RC"]
[ECO "E94"]
[WhiteElo "2209"]
[BlackElo "1617"]
[PlyCount "91"]
[EventDate "2025.04.13"]
[EventType "swiss"]
[EventCountry "ESP"]
[SourceTitle "playchess.com"]
[Source "ChessBase"]
[SourceQuality "1"]
[TimeControl "5400+30"]

1. d4 Nf6 2. c4 d6 3. Nc3 g6 4. e4 Bg7 5. Be2 Nbd7 6. Nf3 O-O 7. O-O e5 8. d5 a6 9. Qc2 Rb8 10. b4 b6 11. Ne1 Re8 12. Nd3 Bb7 13. Be3 Qe7 14. a4 Rec8 15. a5 Qf8 16. f3 Bh6 17. Bf2 Nh5 18. Na4 Nf4 19. Nc3 Nh5 20. Na4 Nf4 21. Nxf4 Bxf4 22. g3 Bg5 23. Qd3 Qh6 24. c5 bxc5 25. bxc5 c6 26. dxc6 Bxc6 27. Qxd6 Bxa4 28. Rxa4 Nxc5 29. Rc4 Be3 30. f4 Bxf2+ 31. Rxf2 Ne6 32. Qxe5 Rb1+ 33. Rf1 Rxf1+ 34. Bxf1 Rd8 35. Qc3 Qf8 36. Be2 Qe7 37. Rc8 Qd7 38. Rxd8+ Nxd8 39. Kg2 Qb7 40. Bf3 h5 41. f5 gxf5 42. exf5 Qd7 43. Qf6 Qd2+ 44. Kh3 Qxa5 45. Bxh5 Qd5 46. Qg5+ 1-0

[Event "17th Memorial Lezcano Montalvo 2025"]
[Site "Gran Canaria"]
[Date "2025.04.12"]
[Round "1.32"]
[White "Cattani, Cloe"]
[Black "Paquico Rodriguez, Ivan"]
[Result "0-1"]
[Annotator "RC"]
[ECO "A04"]
[WhiteElo "1614"]
[BlackElo "2202"]
[PlyCount "64"]
[EventDate "2025.04.13"]
[EventType "swiss"]
[EventCountry "ESP"]
[SourceTitle "playchess.com"]
[Source "ChessBase"]
[SourceQuality "1"]
[TimeControl "5400+30"]

1. e4 d6 2. d3 g6 3. g3 Bg7 4. Bg2 c5 5. Nf3 Nc6 6. O-O Bd7 7. Re1 Rb8 8. Nbd2 b5 9. Rb1 Nb4 10. a3 Na2 11. Ra1 Nxc1 12. Qxc1 Qc7 13. c3 e6 14. d4 cxd4 15. cxd4 Qb6 16. Qc3 Rc8 17. Qd3 Ne7 18. b4 O-O 19. Rac1 a5 20. Nb3 axb4 21. axb4 Bh6 22. Rxc8 Rxc8 23. d5 e5 24. Na5 f5 25. Re2 Qc7 26. Nxe5 dxe5 27. d6 Qc1+ 28. Bf1 Rc3 29. Nb3 Qxf1+ 30. Kxf1 Rxd3 31. dxe7 Rxb3 32. exf5 gxf5 0-1

[Event "17th Memorial Lezcano Montalvo 2025"]
[Site "Gran Canaria"]
[Date "2025.04.12"]
[Round "1.33"]
[White "Estremera Panos, Sergio"]
[Black "Delgado Armas, Francisco David"]
[Result "1-0"]
[Annotator "RC"]
[ECO "D85"]
[WhiteElo "2195"]
[BlackElo "1608"]
[PlyCount "71"]
[EventDate "2025.04.13"]
[EventType "swiss"]
[EventCountry "ESP"]
[SourceTitle "playchess.com"]
[Source "ChessBase"]
[SourceQuality "1"]
[TimeControl "5400+30"]

1. d4 d5 2. c4 Nf6 3. cxd5 Nxd5 4. e4 Nb6 5. Nc3 g6 6. h3 a6 7. Nf3 Bg7 8. Be3 c6 9. Rc1 N8d7 10. Be2 O-O 11. O-O h6 12. Qb3 Nf6 13. Rfd1 Nbd7 14. e5 Nh7 15. e6 fxe6 16. Qxe6+ Kh8 17. Nh4 Rf6 18. Nxg6+ Rxg6 19. Qxg6 Ndf6 20. Bxh6 Bxh6 21. Qxh6 Bf5 22. Bd3 Qd7 23. Qf4 Bxh3 24. Bxh7 Bxg2 25. Kxg2 Kxh7 26. Rg1 Kg7 27. Rh1 Rd8 28. Rh3 Rf8 29. Rch1 Kf7 30. Rh8 Rg8+ 31. Rxg8 Kxg8 32. Rh3 b5 33. Rg3+ Kf7 34. Kg1 b4 35. Ne4 Qxd4 36. Ng5+ 1-0

[Event "17th Memorial Lezcano Montalvo 2025"]
[Site "Gran Canaria"]
[Date "2025.04.12"]
[Round "1.34"]
[White "De Gabriel Stella, Alejandro"]
[Black "Rodriguez Lopez, David"]
[Result "0-1"]
[Annotator "RC"]
[ECO "C54"]
[WhiteElo "1606"]
[BlackElo "2182"]
[PlyCount "81"]
[EventDate "2025.04.13"]
[EventType "swiss"]
[EventCountry "ESP"]
[SourceTitle "playchess.com"]
[Source "ChessBase"]
[SourceQuality "1"]
[TimeControl "5400+30"]

1. e4 e5 2. Nf3 Nc6 3. Bc4 Bc5 4. c3 Nf6 5. d4 exd4 6. cxd4 Bb4+ 7. Nc3 O-O 8. O-O Bxc3 9. bxc3 Nxe4 10. d5 Ne7 11. Qd4 Nd6 12. Bd3 Ng6 13. Ba3 b6 14. Rfe1 Bb7 15. h4 Qf6 16. Qxf6 gxf6 17. c4 Rfe8 18. Bxd6 cxd6 19. Nd4 Rxe1+ 20. Rxe1 Ne5 21. Bf1 Ba6 22. f4 Nxc4 23. Nf5 Kf8 24. h5 b5 25. h6 Bb7 26. Rd1 Nb6 27. Bxb5 Nxd5 28. Rd4 Nc3 29. Nxd6 Nxb5 30. Nxb5 Bc6 31. Nd6 Rb8 32. Rd2 Ke7 33. Nf5+ Kd8 34. Nd4 Be4 35. Kf2 f5 36. Nb3 Ke7 37. Ke3 Rg8 38. Nc5 Rg3+ 39. Kd4 Bxg2 40. Ke5 d6+ 41. Kd4 0-1

[Event "17th Memorial Lezcano Montalvo 2025"]
[Site "Gran Canaria"]
[Date "2025.04.12"]
[Round "1.35"]
[White "Garcia Brion, Eduardo"]
[Black "Mayor Viera, Aaron"]
[Result "1-0"]
[Annotator "RC"]
[ECO "A18"]
[WhiteElo "2171"]
[BlackElo "1600"]
[PlyCount "61"]
[EventDate "2025.04.13"]
[EventType "swiss"]
[EventCountry "ESP"]
[SourceTitle "playchess.com"]
[Source "ChessBase"]
[SourceQuality "1"]
[TimeControl "5400+30"]

1. c4 Nf6 2. Nc3 e6 3. e4 e5 4. Nf3 Nc6 5. Be2 Bc5 6. Nxe5 Bxf2+ 7. Kxf2 Nxe5 8. d4 Ng6 9. e5 Ng8 10. Rf1 N8e7 11. Kg1 O-O 12. Bd3 c6 13. Ne4 d5 14. exd6 Nf5 15. Qh5 Nxd6 16. Ng5 h6 17. Nxf7 Rxf7 18. Rxf7 Nxf7 19. Qxg6 Qxd4+ 20. Kh1 Qf6 21. Qh7+ Kf8 22. Be3 Ke7 23. Rf1 Qe5 24. Qg8 Qxe3 25. Rxf7+ Kd6 26. Qf8+ Ke5 27. Qe7+ Be6 28. Rf5+ Kd4 29. Qd6+ Bd5 30. Qxd5+ cxd5 31. Rxd5# 1-0

[Event "17th Memorial Lezcano Montalvo 2025"]
[Site "Gran Canaria"]
[Date "2025.04.12"]
[Round "1.36"]
[White "Trocoli Romero, Luis Dingyu"]
[Black "Marrero Cardenes, Agustin"]
[Result "0-1"]
[Annotator "RC"]
[ECO "E12"]
[WhiteElo "1599"]
[BlackElo "2163"]
[PlyCount "66"]
[EventDate "2025.04.13"]
[EventType "swiss"]
[EventCountry "ESP"]
[SourceTitle "playchess.com"]
[Source "ChessBase"]
[SourceQuality "1"]
[TimeControl "5400+30"]

1. d4 Nf6 2. Nf3 e6 3. c4 b6 4. Bf4 Bb7 5. e3 Bb4+ 6. Nc3 O-O 7. Bd3 Ne4 8. Qc2 Bxc3+ 9. bxc3 f5 10. O-O d6 11. Qb3 Qf6 12. d5 e5 13. Bg3 Nc5 14. Qc2 Nxd3 15. Qxd3 e4 16. Qd4 exf3 17. gxf3 Nd7 18. Rab1 Rae8 19. Qxf6 Rxf6 20. a4 a5 21. Rfe1 Nc5 22. Ra1 Ba6 23. Bh4 g5 24. Bxg5 Rg6 25. f4 h6 26. h4 hxg5 27. fxg5 Kf7 28. f4 Rh8 29. Kg2 Bxc4 30. Rad1 Nd3 31. Re2 Nxf4+ 32. exf4 Bxe2 33. Re1 Bc4 0-1

[Event "17th Memorial Lezcano Montalvo 2025"]
[Site "Gran Canaria"]
[Date "2025.04.12"]
[Round "1.37"]
[White "Garcia Padron, Juan"]
[Black "Vargas Tinoco, Celso Alejandro"]
[Result "1-0"]
[Annotator "RC"]
[ECO "B30"]
[WhiteElo "2155"]
[BlackElo "1588"]
[PlyCount "69"]
[EventDate "2025.04.13"]
[EventType "swiss"]
[EventCountry "ESP"]
[SourceTitle "playchess.com"]
[Source "ChessBase"]
[SourceQuality "1"]
[TimeControl "5400+30"]

1. e4 c5 2. Nf3 d6 3. Nc3 Nc6 4. Bb5 e6 5. O-O Be7 6. Re1 Bd7 7. d3 Nf6 8. Ne2 O-O 9. c3 Qb6 10. Ba4 c4 11. Bc2 Ng4 12. d4 Qc7 13. b3 b5 14. Bf4 e5 15. Bg3 Rad8 16. Nd2 exd4 17. cxd4 Bf6 18. h3 Nh6 19. Nf3 Bc8 20. Rc1 Nb4 21. Bb1 Qa5 22. Qd2 d5 23. e5 Be7 24. Bh4 f6 25. Ng3 Nc6 26. Qc2 g6 27. Rcd1 Nf5 28. e6 Nxh4 29. Nxh4 f5 30. Ngxf5 Rf6 31. Nh6+ Kg7 32. Ng4 Nxd4 33. Qc1 Rxe6 34. Re3 Re5 35. Rxe5 1-0

[Event "17th Memorial Lezcano Montalvo 2025"]
[Site "Gran Canaria"]
[Date "2025.04.12"]
[Round "1.38"]
[White "Jerez Baez, Alvaro"]
[Black "Bethencourt Hernandez, Alberto"]
[Result "0-1"]
[Annotator "RC"]
[ECO "D00"]
[WhiteElo "1583"]
[BlackElo "2122"]
[PlyCount "93"]
[EventDate "2025.04.13"]
[EventType "swiss"]
[EventCountry "ESP"]
[SourceTitle "playchess.com"]
[Source "ChessBase"]
[SourceQuality "1"]
[TimeControl "5400+30"]

1. d4 Nf6 2. Nc3 d5 3. Bf4 Bf5 4. f3 e6 5. g4 Bg6 6. h4 h5 7. g5 Nfd7 8. e3 Na6 9. a3 c5 10. Bd3 Bxd3 11. Qxd3 Qb6 12. g6 f5 13. Qb5 cxd4 14. Qxb6 Nxb6 15. exd4 Nc4 16. O-O-O Bd6 17. Nh3 Rc8 18. Bxd6 Nxd6 19. Rhe1 Kd7 20. Nf4 Nc7 21. Re2 Rce8 22. Rde1 Nc4 23. Na4 b6 24. Kb1 Kd6 25. Nd3 Rh6 26. Nf4 e5 27. dxe5+ Rxe5 28. Nc3 Nd2+ 29. Rxd2 Rxe1+ 30. Ka2 Rf1 31. Ncxd5 Nxd5 32. Rxd5+ Kc6 33. Rd3 Rh1 34. Ne6 Rxg6 35. Nd4+ Kc7 36. Nxf5 Rg2 37. Rd4 g6 38. Ne3 Rf2 39. Rf4 Rh3 40. Nd5+ Kd6 41. Nf6 Rfxf3 42. Ne8+ Ke5 43. Rb4 Rf4 44. Rb5+ Ke6 45. Nc7+ Kd6 46. Na8 Rhxh4 47. Nxb6 0-1

[Event "17th Memorial Lezcano Montalvo 2025"]
[Site "Gran Canaria"]
[Date "2025.04.12"]
[Round "1.39"]
[White "Krilovs, Nikolajs"]
[Black "Garcia Almeida, Valeria"]
[Result "1-0"]
[Annotator "RC"]
[ECO "A57"]
[WhiteElo "2112"]
[BlackElo "1582"]
[PlyCount "75"]
[EventDate "2025.04.13"]
[EventType "swiss"]
[EventCountry "ESP"]
[SourceTitle "playchess.com"]
[Source "ChessBase"]
[SourceQuality "1"]
[TimeControl "5400+30"]

1. d4 Nf6 2. c4 c5 3. d5 b5 4. a4 b4 5. Nd2 g6 6. e4 d6 7. b3 Bg7 8. Bb2 O-O 9. Qc2 Re8 10. Be2 e6 11. O-O-O exd5 12. cxd5 Ba6 13. Bxa6 Nxa6 14. f3 Rc8 15. Nc4 Nh5 16. Ne2 Bxb2+ 17. Kxb2 Qf6+ 18. Ka2 Nb8 19. Qb2 Qe7 20. g4 Nf6 21. Nf4 Nfd7 22. Nd3 Nb6 23. Ne3 a5 24. Rc1 N8d7 25. Qe2 Rc7 26. Nb2 Ne5 27. h4 Rec8 28. f4 Ned7 29. Qd3 Qe8 30. Nbc4 Qe7 31. e5 Nxc4 32. Nxc4 Re8 33. Nxd6 Rd8 34. Nc4 Rcc8 35. h5 Nf8 36. hxg6 fxg6 37. f5 Qf7 38. Nd6 1-0

[Event "17th Memorial Lezcano Montalvo 2025"]
[Site "Gran Canaria"]
[Date "2025.04.12"]
[Round "1.40"]
[White "Angulo Diaz, Dario"]
[Black "Ramirez Maillo, Cristian"]
[Result "0-1"]
[Annotator "RC"]
[ECO "E61"]
[WhiteElo "1568"]
[BlackElo "2106"]
[PlyCount "42"]
[EventDate "2025.04.13"]
[EventType "swiss"]
[EventCountry "ESP"]
[SourceTitle "playchess.com"]
[Source "ChessBase"]
[SourceQuality "1"]
[TimeControl "5400+30"]

1. d4 Nf6 2. c4 g6 3. Nc3 Bg7 4. Nf3 O-O 5. Bf4 d6 6. Qd2 Nbd7 7. Bh6 e5 8. Bxg7 Kxg7 9. e4 Qe7 10. Bd3 Re8 11. O-O c6 12. a3 a5 13. Rac1 exd4 14. Nxd4 Nc5 15. Rfe1 a4 16. Bc2 Nfd7 17. Re3 Ne5 18. Qe2 Qf6 19. Rf1 Ng4 20. e5 Qf4 21. Re4 Qxh2# 0-1

[Event "17th Memorial Lezcano Montalvo 2025"]
[Site "Gran Canaria"]
[Date "2025.04.12"]
[Round "1.41"]
[White "Halldorsson, Halldor"]
[Black "Rodriguez Trujillo, Cristian"]
[Result "1-0"]
[Annotator "RC"]
[ECO "C86"]
[WhiteElo "2103"]
[BlackElo "1562"]
[PlyCount "101"]
[EventDate "2025.04.13"]
[EventType "swiss"]
[EventCountry "ESP"]
[SourceTitle "playchess.com"]
[Source "ChessBase"]
[SourceQuality "1"]
[TimeControl "5400+30"]

1. e4 e5 2. Nf3 Nc6 3. Bb5 a6 4. Ba4 Nf6 5. O-O Be7 6. Qe2 d6 7. c3 O-O 8. d4 exd4 9. cxd4 Bg4 10. Rd1 d5 11. e5 Ne4 12. Nc3 Ng5 13. Bb3 Nxf3+ 14. gxf3 Be6 15. f4 Qd7 16. Kh1 Bg4 17. f3 Be6 18. Be3 Na5 19. f5 Bxf5 20. Bxd5 c6 21. Be4 Bxe4 22. fxe4 f6 23. exf6 Bxf6 24. b4 b5 25. bxa5 Qh3 26. e5 Bh4 27. Rf1 Rfe8 28. Ne4 Qe6 29. Bg5 Bxg5 30. Nxg5 Qd5+ 31. Qe4 Qxe4+ 32. Nxe4 Rad8 33. Nd6 Re6 34. Rae1 Rd7 35. Kg2 Rg6+ 36. Kf3 Kf8 37. Ke4+ Ke7 38. Rf7+ Ke6 39. Rxd7 Kxd7 40. d5 cxd5+ 41. Kxd5 Rg2 42. e6+ Ke7 43. Nf5+ Ke8 44. Rc1 Rd2+ 45. Ke4 g6 46. Rc8+ Rd8 47. Nd6+ Ke7 48. Ke5 Rxc8 49. Nxc8+ Kd8 50. e7+ Kd7 51. Ke4 1-0

[Event "17th Memorial Lezcano Montalvo 2025"]
[Site "Gran Canaria"]
[Date "2025.04.12"]
[Round "1.42"]
[White "Vallejo Aleman, Ricardo Manuel"]
[Black "Blanco Garcia Bajo, David"]
[Result "0-1"]
[Annotator "RC"]
[ECO "C02"]
[WhiteElo "1554"]
[BlackElo "2098"]
[PlyCount "42"]
[EventDate "2025.04.13"]
[EventType "swiss"]
[EventCountry "ESP"]
[SourceTitle "playchess.com"]
[Source "ChessBase"]
[SourceQuality "1"]
[TimeControl "5400+30"]

1. e4 e6 2. d4 d5 3. e5 c5 4. c3 Nc6 5. Nf3 Qb6 6. Qa4 Bd7 7. Qd1 Nge7 8. Na3 cxd4 9. c4 Ng6 10. b3 Bxa3 11. Bxa3 Qa5+ 12. Qd2 Qxa3 13. Qg5 h6 14. Qg4 Qb2 15. Rd1 Qc3+ 16. Rd2 d3 17. Bxd3 Ncxe5 18. Nxe5 Nxe5 19. Qxg7 Nxd3+ 20. Ke2 Nf4+ 21. Ke1 Qxg7 0-1